 Dungeon Sprint DCSS version 0.22.1-1-ga44c0e56f4 (webtiles) character file.

20353 MuseOD the Unseen (level 12, -45/70 HPs)
             Began as a Spriggan Enchanter on Sept 30, 2018.
             Was the Champion of Dithmenos.
             Killed from afar by a deep elf annihilator (73 damage)
             ... with a crystal spear
             ... in the Dungeon (Sprint III: "The Ten Rune Challenge").
             The game lasted 00:16:54 (4485 turns).

MuseOD the Unseen (Spriggan Enchanter)              Turns: 4485, Time: 00:16:55

Health: -45/70     AC:  9    Str:  4    XL:     12   Next: 44%
Magic:  3/29       EV: 20    Int: 22    God:    Dithmenos [******]
Gold:   4044       SH:  0    Dex: 16    Spells: 21/36 levels left

rFire    + + .     SeeInvis +   t - +1 dagger (venom)
rCold    . . .     Gourm    .   (shield restricted)
rNeg     . . .     Faith    .   u - +0 swamp dragon scales
rPois    +         Spirit   .   (helmet restricted)
rElec    .         Reflect  .   c - +0 cloak
rCorr    .         Harm     .   (gloves unavailable)
MR       ++...     NoTele   +   (boots unavailable)
Stlth    ++++++++++             (no amulet)
HPRegen  0.21/turn              v - ring "Camat" {rPois rF++}
MPRegen  0.21/turn              (no ring)

@: wreathed by umbra, very quick
A: very small, unfitting armour, see invisible, herbivore, speed 3, slow
metabolism 2
a: Shadow Step, Shadow Form, Renounce Religion


You were in the Dungeon.
You worshipped Dithmenos.
Dithmenos was exalted by your worship.
You were very hungry.

You visited 1 branch You collected 4174 gold pieces.
You spent 130 gold pieces at shops.

Inventory:

Hand Weapons
 a - a +1 dagger
 t - a +1 dagger of venom (weapon)
Armour
 b - a +0 robe
 c - a +0 cloak (worn)
 u - +0 swamp dragon scales (worn)
Jewellery
 v - the ring "Camat" (left hand) {rPois rF++}
   (You bought it in a shop in the Dungeon)

   [ring of poison resistance]

   It greatly protects you from fire.
   It protects you from poison.
Scrolls
 j - 2 scrolls of blinking
 m - 2 scrolls of immolation {unknown}
 n - 3 scrolls of identify
 o - a scroll of magic mapping {unknown}
 p - 2 scrolls of remove curse
Potions
 e - 2 potions of curing
 g - a potion of haste
 h - 2 potions of magic
 i - 2 potions of berserk rage
 k - a potion of cancellation {unknown}
 l - 3 potions of mutation {unknown}
 q - a potion of ambrosia {unknown}
 r - a potion of invisibility {unknown}
 s - a potion of might
Comestibles
 d - 4 rations


   Skills:
 + Level 11.3 Fighting
 * Level 19.1 Short Blades
 * Level 4.4 Armour
 + Level 14.6 Dodging
 + Level 19.6 Stealth
 + Level 12.7 Spellcasting
 + Level 1.9 Conjurations
 - Level 12.6 Hexes


You had 21 spell levels left.
You knew the following spells:

 Your Spells              Type           Power        Failure   Level  Hunger
a - Corona                Hex            ######.      1%          1    None
b - Ensorcelled Hibernat  Hex/Ice        #####.       2%          2    None
c - Confuse               Hex            ######..     1%          3    None
d - Dazzling Spray        Conj/Hex       #####.       3%          3    None
e - Mephitic Cloud        Conj/Pois/Air  ###.....     47%         3    None
f - Conjure Flame         Conj/Fire      ###.....     43%         3    None

Your spell library contained the following spells:

 Spells                   Type           Power        Failure   Level  Hunger
 Confusing Touch          Hex            ######       1%          1    None
 Slow                     Hex            ######..     1%          2    None
 Tukima's Dance           Hex            ######..     1%          3    None
 Magic Dart               Conj           ###.         11%         1    None
 Blink                    Tloc           N/A          34%         2    None
 Call Imp                 Summ           ##......     34%         2    None
 Metabolic Englaciation   Hex/Ice        #####.....   43%         5    ###....
 Yara's Violent Unravell  Hex/Tmut       #####.....   43%         5    ###....
 Gell's Gravitas          Tloc           ##........   56%         3    None
 Petrify                  Tmut/Erth      ##......     92%         4    None


Dungeon Overview and Level Annotations

Branches:
Dungeon (1/1)

Altars:
Dithmenos
Elyvilon
Fedhas
Kikubaaqudgha
Okawaru
Ru
Sif Muna
Trog
Uskayaw
Vehumet
Wu Jian
Yredelemnul
Zin
The Shining One
Beogh

Shops:
D *(%:

Annotations:
D Lernaean hydra


Innate Abilities, Weirdness & Mutations

You are very small and have problems with some larger weapons.
You are too small for most types of armour.
You have supernaturally acute eyesight. (SInv)
You are a herbivore.
You cover ground extremely quickly.
You need to consume almost no food.


Message History

The deep elf high priest invokes the aid of its god against you.
Something smites you!
You emit a cloud of dark smoke.
Casting: Dazzling Spray (safe; 3% risk of failure)
Confirm with . or Enter, or press ? or * to list all spells.
Okay, then.
Casting: Dazzling Spray (safe; 3% risk of failure)
Confirm with . or Enter, or press ? or * to list all spells.
Aiming: Mephitic Cloud (slightly dangerous; 47% risk of failure)
Press: ? - help, Shift-Dir - straight line, f - deep elf high priest, p - deep
Aim: a deep elf high priest, wielding a falchion of holy wrath and wearing a The ball explodes into a vile cloud!
The stinking cloud engulfs the deep elf high priest.
The deep elf high priest appears unharmed.
The stinking cloud engulfs the deep elf high priest.
The deep elf high priest appears unharmed.
The deep elf high priest prays.
The deep elf annihilator casts a spell at you.
The crystal spear hits you!
Ouch! That really hurt!
You die...

▓▓▓
#.###################
.#.#..')#...##.§§§§.
......#)#..(##§§§§##..##
..)..##)#..(≈≈§§@e§....#
....###.#(((##§§§§##..##
###∩.##.'(..##§ee§§.
.##..################
##################
§§.#.'...'.#.#.#.+
§#§#.#(..##.#.#.##
.#.#.#.).#.#.#.#.#
§#...#).)##.#.#.##


You could see a deep elf annihilator (blind) and 2 deep elf high priests.

Vanquished Creatures
  A deep elf master archer (D)
  Frances (D)
  Donald (D)
  A deep elf demonologist (D)
  A deep elf annihilator (D)
  A yaktaur captain (D)
  Erica (D)
  3 hydras (D)
  A centaur warrior (D)
  Urug (D)
  A death drake (D)
  An unseen horror (D)
  2 swamp dragons (D)
  A lindwurm (D)
  A spriggan druid (D)
  7 deep elf magi (D)
  2 spiny frogs (D)
  2 yaktaurs (D)
  A komodo dragon (D)
  2 tyrant leeches (D)
  3 wandering mushrooms (D)
  3 redbacks (D)
  A shadow (D)
  A spriggan (D)
  2 swamp drakes (D)
  3 orc warriors (D)
  A necrophage (D)
  2 centaurs (D)
  An earth elemental (D)
  A water elemental (D)
  An orc priest (D)
  A jelly (D)
  A wizard (D)
  Crazy Yiuf (D)
  A necromancer (D)
  2 orc wizards (D)
  3 humans (D)
  A kobold demonologist (D)
  2 oozes (D)
  12 orcs (D)
  2 rats (D)
  A plant (D)
78 creatures vanquished.

Vanquished Creatures (others)
  2 deep elf blademasters (D)
  2 draconian scorchers (D)
  Nessos (D)
  A mummy priest (D)
  A skeletal warrior (D)
  A molten gargoyle (D)
  6 hellions (D)
  3 yaktaurs (D)
  2 spriggan defenders (D)
  3 orc high priests (D)
  2 hornets (D)
  A spriggan (D)
  An electric eel (D)
  An orc priest (D)
  3 ball lightnings (D)
  4 ballistomycetes (D)
  5 ballistomycete spores (D)
  35 plants (D)
74 creatures vanquished.

Grand Total: 152 creatures vanquished

Notes
Turn   | Place    | Note
-------+----------+-------------------------------------------
     0 | D        | MuseOD the Spriggan Enchanter began the quest for the Orb.
     0 | D        | Reached XP level 1. HP: 9/9 MP: 5/5
     9 | D        | Reached skill level 1 in Fighting
     9 | D        | Reached skill level 5 in Stealth
    28 | D        | Reached XP level 2. HP: 2/14 MP: 6/6
    32 | D        | Learned a level 2 spell: Ensorcelled Hibernation
   109 | D        | Killed a hellion
   109 | D        | Killed a hellion
   144 | D        | Killed a hellion
   196 | D        | Killed a hellion
   205 | D        | Killed a white draconian scorcher
   221 | D        | Killed a white draconian scorcher
   223 | D        | Killed a yaktaur
   233 | D        | Killed a hellion
   246 | D        | Killed a hellion
   357 | D        | Noticed Crazy Yiuf
   360 | D        | Killed Crazy Yiuf
   360 | D        | Reached skill level 5 in Short Blades
   360 | D        | Reached XP level 3. HP: 19/19 MP: 8/8
   378 | D        | Learned a level 3 spell: Confuse
   443 | D        | Noticed a water elemental
   446 | D        | Killed a water elemental
   446 | D        | Reached XP level 4. HP: 25/25 MP: 9/9
   455 | D        | Found a basalt altar of Yredelemnul.
   455 | D        | Found a shadowy altar of Dithmenos.
   455 | D        | Found a sacrificial altar of Ru.
   455 | D        | Noticed a necrophage
   461 | D        | Reached XP level 5. HP: 26/29 MP: 0/10
   464 | D        | Became a worshipper of Dithmenos the Shadowed
   495 | D        | Killed a necrophage
   495 | D        | Reached skill level 10 in Stealth
   589 | D        | Found a glowing silver altar of Zin.
   589 | D        | Found a glowing golden altar of the Shining One.
   589 | D        | Found a white marble altar of Elyvilon.
   589 | D        | Noticed a deep elf mage
   592 | D        | Killed a deep elf mage
   592 | D        | Reached XP level 6. HP: 37/37 MP: 11/11
   592 | D        | Reached XP level 7. HP: 41/41 MP: 12/12
   645 | D        | Found a hide-covered altar of Uskayaw.
   645 | D        | Found a roughly hewn altar of Beogh.
   645 | D        | Found an iron altar of Okawaru.
   645 | D        | Found a bloodstained altar of Trog.
   645 | D        | Found an ornate altar of the Wu Jian Council.
   645 | D        | Noticed a human
   645 | D        | Noticed a human
   648 | D        | Killed a human
   648 | D        | Reached * piety under Dithmenos
   649 | D        | Killed a human
   662 | D        | Found a radiant altar of Vehumet.
   663 | D        | Found a deep blue altar of Sif Muna.
   663 | D        | Found an ancient bone altar of Kikubaaqudgha.
   664 | D        | Noticed a red devil
   669 | D        | Noticed an orange demon
  1012 | D        | Reached ** piety under Dithmenos
  1028 | D        | Learned a level 3 spell: Dazzling Spray
  1101 | D        | Noticed a shadow
  1103 | D        | Killed a shadow
  1103 | D        | Reached XP level 8. HP: 46/46 MP: 13/13
  1143 | D        | Noticed Erica
  1145 | D        | Killed Erica
  1145 | D        | Reached skill level 5 in Spellcasting
  1145 | D        | Reached skill level 5 in Hexes
  1169 | D        | Reached *** piety under Dithmenos
  1174 | D        | Noticed a centaur warrior
  1183 | D        | Killed a centaur warrior
  1183 | D        | Reached skill level 15 in Stealth
  1183 | D        | Reached XP level 9. HP: 37/52 MP: 7/19
  1280 | D        | Noticed an unseen horror
  1284 | D        | Killed an unseen horror
  1284 | D        | Reached **** piety under Dithmenos
  1284 | D        | Reached skill level 15 in Short Blades
  1287 | D        | Noticed Donald
  1287 | D        | Noticed Frances
  1289 | D        | Killed Frances
  1289 | D        | Reached XP level 10. HP: 54/58 MP: 15/23
  1291 | D        | Killed Donald
  1291 | D        | Reached skill level 10 in Dodging
  1313 | D        | Noticed a yaktaur captain
  1315 | D        | Killed a yaktaur captain
  1315 | D        | Reached skill level 10 in Hexes
  1318 | D        | Reached ***** piety under Dithmenos
  1507 | D        | Reached skill level 10 in Spellcasting
  1507 | D        | Reached XP level 11. HP: 63/63 MP: 19/26
  1516 | D        | Learned a level 3 spell: Mephitic Cloud
  1520 | D        | Learned a level 3 spell: Conjure Flame
  1551 | D        | Reached skill level 10 in Fighting
  1783 | D        | Noticed a lindwurm
  1786 | D        | Killed a lindwurm
  1786 | D        | Reached ****** piety under Dithmenos
  1794 | D        | Noticed Urug
  1797 | D        | Killed Urug
  1800 | D        | Noticed an eight-headed hydra
  1800 | D        | Noticed a four-headed hydra
  1802 | D        | Killed an eight-headed hydra
  1803 | D        | Killed a four-headed hydra
  1810 | D        | Noticed a death drake
  1813 | D        | Killed a death drake
  1831 | D        | Found a blossoming altar of Fedhas.
  1831 | D        | Noticed a spriggan druid
  1850 | D        | Killed a spriggan druid
  1983 | D        | Noticed a swamp dragon
  1989 | D        | Found Ymafeuh's Antique Weapon Emporium.
  1989 | D        | Found Jaggulej's Food Shop.
  1989 | D        | Found Ohuicucs's Book Shoppe.
  1989 | D        | Noticed a swamp dragon
  1994 | D        | Killed a swamp dragon
  2004 | D        | Killed a swamp dragon
  2087 | D        | Noticed an eight-headed hydra
  2087 | D        | Noticed the 27-headed Lernaean hydra
  2348 | D        | Killed an eight-headed hydra
  2348 | D        | Reached skill level 1 in Armour
  2525 | D        | Found Ahurol's Assorted Antiques.
  2545 | D        | Reached XP level 12. HP: 27/70 MP: 8/29
  2587 | D        | Bought a wavering bronze ring for 130 gold pieces
  2621 | D        | Identified the ring "Camat" {rPois rF++} (You bought it in
                  | a shop in the Dungeon)
  2893 | D        | Killed Nessos
  2920 | D        | Killed a deep elf blademaster
  3012 | D        | Noticed a deep elf annihilator
  3013 | D        | Noticed a deep elf high priest
  3019 | D        | Noticed a deep elf demonologist
  3019 | D        | Noticed a deep elf high priest
  3025 | D        | Noticed a deep elf master archer
  3120 | D        | Noticed a deep elf annihilator
  3165 | D        | Killed a mummy priest
  3200 | D        | Killed a deep elf blademaster
  3224 | D        | Noticed an Executioner
  4089 | D        | Noticed an Ice Fiend
  4092 | D        | Noticed a Tzitzimitl
  4095 | D        | Killed a deep elf annihilator
  4095 | D        | HP: 3/70 [deep elf master archer/arrow (24)]
  4389 | D        | Killed a deep elf demonologist
  4389 | D        | Reached skill level 1 in Conjurations
  4478 | D        | Killed a deep elf master archer
  4485 | D        | Killed from afar by a deep elf annihilator

Skill      XL: |  1  2  3  4  5  6  7  8  9 10 11 12 |
---------------+-------------------------------------+-----
Fighting       | 1 2 3 6 7 8 9 11 | 11.3
Short Blades   | 3 5 7 11 13 14 15 16 18 19 | 19.1
Stealth        | 5 6 8 12 13 15 16 17 19 | 19.6
Spellcasting   | 3 6 8 10 12 | 12.7
Hexes          | 4 7 8 10 12 | 12.6
Dodging        | 7 9 11 13 14 | 14.6
Armour         | 1 4 |  4.4
Conjurations   | 1 |  1.9

Action                   |  1- 3 |  4- 6 |  7- 9 | 10-12 || total
-------------------------+-------+-------+-------+-------++-------
Melee: Dagger            |    15 |     4 |    32 |   116 ||   167
 Cast: Ensorcelled Hiber |     3 |       |     1 |     9 ||    13
       Confuse           |       |     4 |     9 |    32 ||    45
       Dazzling Spray    |       |       |     1 |    68 ||    69
       Mephitic Cloud    |       |       |       |     5 ||     5
Invok: Shadow Step       |       |       |     1 |     4 ||     5
  Use: Potion            |       |       |       |     1 ||     1
 Stab: Sleeping          |     4 |     1 |     8 |    19 ||    32
       Confused          |       |     2 |     1 |    12 ||    15
       Invisible         |       |       |     2 |     3 ||     5
  Eat: Ration            |       |       |       |     1 ||     1
Armor: Robe              |       |       |     5 |     1 ||     6
       Swamp dragon scal |       |       |       |     8 ||     8
Dodge: Dodged            |     8 |    11 |    34 |    68 ||   121
